 Dungeon Crawl Stone Soup version 0.22.0-16-gc6d26f6 (webtiles) character file.

2274 shmeve the Fighter (level 9, -3/81 HPs)
             Began as a Minotaur Berserker on Aug 17, 2018.
             Was a High Priest of Trog.
             Killed from afar by an electric eel (14 damage)
             ... with a bolt of electricity
             ... on level 6 of the Dungeon.
             The game lasted 00:11:35 (6810 turns).

shmeve the Fighter (Minotaur Berserker)             Turns: 6810, Time: 00:11:36

Health: -3/81      AC: 13    Str: 26    XL:     9   Next: 16%
Magic:  8/8        EV:  9    Int:  4    God:    Trog [*****.]
Gold:   367        SH:  0    Dex:  9    Spells: 8/8 levels left

rFire    . . .     SeeInvis .   s - +0 war axe
rCold    . . .     Gourm    .   (no shield)
rNeg     . . .     Faith    .   n - +0 plate armour
rPois    .         Spirit   .   (helmet restricted)
rElec    .         Reflect  .   x - +0 cloak
rCorr    .         Harm     .   (no gloves)
MR       .....                  (no boots)
Stlth    ..........             (no amulet)
HPRegen  0.23/turn              (no ring)
MPRegen  0.11/turn              (no ring)

@: no status effects
A: retaliatory headbutt, horns 2
a: Berserk, Trog's Hand, Brothers in Arms, Renounce Religion


You were on level 6 of the Dungeon.
You worshipped Trog.
Trog was extremely pleased with you.
You were not hungry.

You visited 2 branches of the dungeon, and saw 7 of its levels.
You also visited: Sewer.

You collected 367 gold pieces.

Inventory:

Hand Weapons
 s - a +0 war axe (weapon)
Missiles
 u - 5 javelins of penetration (quivered)
Armour
 n - a +0 plate armour (worn)
 x - a +0 cloak (worn)
Scrolls
 a - a scroll of enchant weapon {unknown}
 b - 2 scrolls of fog {unknown}
 d - a scroll of noise {unknown}
 e - 5 scrolls of remove curse {unknown}
 f - 2 scrolls of immolation {unknown}
 h - 6 scrolls of identify {unknown}
 l - a scroll of enchant armour {unknown}
 m - 3 scrolls of teleportation {unknown}
 p - 2 scrolls of magic mapping {unknown}
Potions
 g - 2 potions of berserk rage {unknown}
 i - 6 potions of haste {unknown}
 j - 2 potions of heal wounds {unknown}
 k - 6 potions of curing {unknown}
 o - 3 potions of brilliance {unknown}
 q - a potion of lignification {unknown}
 r - 2 potions of might {unknown}
 t - a potion of cancellation {unknown}
 v - a potion of magic {unknown}
 w - 4 potions of mutation {unknown}
Comestibles
 c - 11 rations
 z - a chunk of flesh


   Skills:
 * Level 8.3 Fighting
 * Level 8.2 Axes
 * Level 6.0 Throwing
 + Level 5.6 Armour
 + Level 5.0 Dodging


You had 8 spell levels left.
You didn't know any spells.
Your spell library was empty.

Dungeon Overview and Level Annotations

Branches:
Dungeon (6/15)             Temple (1/1) D:5

Altars:
Gozag
Okawaru
Sif Muna
Trog

Shops:
D:4 (


Innate Abilities, Weirdness & Mutations

You reflexively headbutt those who attack you in melee.
You have a pair of horns on your head.


Message History

There is a large open door here.
The electric eel shoots out a bolt of lightning at you!
The bolt of electricity hits you!
An electric eel is nearby!
There is an open door here.
The electric eel shoots out a bolt of lightning at you!
The bolt of electricity hits you! x2
* * * LOW HITPOINT WARNING * * *
The electric eel shoots out a bolt of lightning at you!
The bolt of electricity hits you!
* * * LOW HITPOINT WARNING * * *
The electric eel shoots out a bolt of lightning at you!
The bolt of electricity hits you!
* * * LOW HITPOINT WARNING * * *
The electric eel shoots out a bolt of lightning at you!
The bolt of electricity hits you!
* * * LOW HITPOINT WARNING * * *
The electric eel shoots out a bolt of lightning at you!
The bolt of electricity hits you!
You die...

≈;≈≈≈≈≈≈≈ ...... #.#..
≈≈≈#≈≈≈≈≈
##..#.≈≈≈≈≈≈≈≈≈≈#.#.. ≈≈≈# ≈≈≈
##.#≈.≈≈≈≈≈≈≈≈≈≈≈#.##. ≈≈≈# ≈
##≈≈≈≈≈≈.≈≈≈.;≈≈..#.... #≈≈#
#≈≈.#≈≈≈#≈≈≈#≈≈≈# #.### #;##
##≈.###.###.###.####.#
##.#####
#....#...#...#...#...#
##....###...................)#
#....'.'......@.............#
#....'.#...................##
##....###...................#
##.##### #≈...#...#...#...#..#
#)## #≈;≈###.###.###.#####
#≈≈# ##.;≈#≈≈≈#≈≈≈#≈≈≈# ≈≈≈#
##.≈≈≈≈≈.≈≈≈.≈≈≈≈. .≈≈#
#.P≈≈≈≈≈≈≈≈≈≈≈P.. P.≈#


You could see 3 electric eels.

Vanquished Creatures
  Pikel (D:4)
  Eustachio (D:6)
  2 slaves (D:4)
  3 ogres
  A black bear (D:4)
  2 centaurs (D:6)
  Blork the orc (D:4)
  A water moccasin zombie (D:6)
  2 scorpions
  A howler monkey (D:5)
  2 crimson imps
  3 hounds
  2 orc wizards
  2 bullfrog skeletons
  An orc priest (D:4)
  A centaur skeleton (D:4)
  2 iguanas (D:6)
  10 worker ants
  A hound zombie (D:6)
  11 adders
  A howler monkey skeleton (D:5)
  6 river rats (Sewer)
  2 oozes
  An adder skeleton (D:6)
  6 worms
  3 dart slugs
  6 leopard geckos
  9 orcs
  5 ball pythons
  4 giant cockroaches
  4 goblins
  8 hobgoblins
  9 jackals
  2 quokkas
  7 bats
  13 frilled lizards
  7 kobolds
  A leopard gecko skeleton (D:5)
  10 rats
154 creatures vanquished.

Vanquished Creatures (others)
  A slave (D:4)
  A plant (D:6)
2 creatures vanquished.

Grand Total: 156 creatures vanquished

Notes
Turn   | Place    | Note
-------+----------+-------------------------------------------
     0 | D:1      | shmeve the Minotaur Berserker began the quest for the Orb.
     0 | D:1      | Reached XP level 1. HP: 19/19 MP: 0/0
   244 | D:1      | Reached XP level 2. HP: 23/27 MP: 1/1
   346 | D:1      | Reached skill level 1 in Throwing
   792 | D:2      | Reached XP level 3. HP: 28/33 MP: 2/2
   820 | D:2      | Reached ** piety under Trog
   984 | D:2      | Reached XP level 4. HP: 14/41 MP: 3/3
  1571 | D:2      | Found an iron altar of Okawaru.
  1717 | D:2      | Found a faded altar of an unknown god.
  1784 | D:3      | Noticed an ogre
  1790 | D:3      | Killed an ogre
  1790 | D:3      | Reached XP level 5. HP: 42/47 MP: 4/4
  2058 | D:3      | Found a glowing drain.
  2093 | Sewer    | Entered a sewer
  2125 | Sewer    | Reached skill level 5 in Fighting
  2129 | Sewer    | Reached *** piety under Trog
  2129 | Sewer    | Reached skill level 5 in Axes
  2598 | Sewer    | Reached XP level 6. HP: 41/56 MP: 5/5
  3160 | D:4      | Found a deep blue altar of Sif Muna.
  3186 | D:4      | Found Ker Ehow's Antique Weapon Shop.
  3189 | D:4      | Noticed Blork the orc
  3203 | D:4      | Killed Blork the orc
  3859 | D:4      | Reached XP level 7. HP: 50/62 MP: 6/6
  3948 | D:4      | Noticed Pikel
  3964 | D:4      | Killed Pikel
  3964 | D:4      | Reached XP level 8. HP: 53/71 MP: 7/7
  4141 | D:4      | Reached **** piety under Trog
  4348 | D:5      | Entered Level 5 of the Dungeon
  4515 | D:5      | Found a staircase to the Ecumenical Temple.
  4523 | Temple   | Entered the Ecumenical Temple
  4764 | D:5      | Found an opulent altar of Gozag.
  4891 | D:5      | Reached skill level 5 in Throwing
  5068 | D:5      | Found a bloodstained altar of Trog.
  5208 | D:6      | Reached skill level 5 in Armour
  5580 | D:6      | Reached ***** piety under Trog
  5687 | D:6      | Noticed Eustachio
  5700 | D:6      | Killed Eustachio
  5867 | D:6      | Reached XP level 9. HP: 78/81 MP: 8/8
  5909 | D:6      | Reached skill level 5 in Dodging
  6408 | D:6      | Received a gift from Trog
  6646 | D:6      | HP: 1/81 [electric eel/bolt of electricity (4)]
  6810 | D:6      | Killed from afar by an electric eel

Skill      XL: |  1  2  3  4  5  6  7  8  9 |
---------------+----------------------------+-----
Throwing       | 1 2 3 4 5 6 |  6.0
Fighting       | 4 5 6 8 |  8.3
Axes           | 4 5 6 7 8 |  8.2
Armour         | 3 4 5 |  5.6
Dodging        | 3 4 5 |  5.0

Action                   |  1- 3 |  4- 6 |  7- 9 || total
-------------------------+-------+-------+-------++-------
Melee: Hand axe          |    68 |   119 |       ||   187
       Headbutt          |     8 |    20 |    32 ||    60
       War axe           |       |    23 |   191 ||   214
Throw: Tomahawk          |       |       |     7 ||     7
       Javelin           |       |       |     1 ||     1
Invok: Berserk           |       |     1 |       ||     1
 Stab: Sleeping          |     1 |       |       ||     1
       Distracted        |       |       |     2 ||     2
  Eat: Chunk             |       |    10 |     7 ||    17
       Ration            |       |       |     1 ||     1
Armor: Animal skin       |    14 |     4 |       ||    18
       Plate armour      |       |    64 |   110 ||   174
Dodge: Dodged            |    60 |    84 |   101 ||   245
